 Dungeon Crawl Stone Soup version 0.24-a0-769-g368c1644f8 (webtiles) character file.

Game seed: 9463623763162740897, levelgen mode: deterministic

4715 Johnny the Geomancer (level 10, -10/126 HPs)
             Began as a Demigod Earth Elementalist on Oct 5, 2019.
             Mangled by SpeedDemon's ghost (22 damage)
             ... on level 8 of the Dungeon.
             The game lasted 00:11:56 (7869 turns).

Johnny the Geomancer (Demigod Earth Elementalist)   Turns: 7869, Time: 00:11:57

Health: -10/126    AC:  5    Str: 16    XL:     10   Next: 2%
Magic:  5/23       EV: 14    Int: 25    God:
Gold:   362        SH:  0    Dex: 19    Spells: 13/22 levels left

rFire    . . .     SeeInvis .   I - +3 spear (venom)
rCold    . . .     Gourm    .   (no shield)
rNeg     . . .     Faith    .   s - +0 leather armour
rPois    .         Spirit   .   (no helmet)
rElec    .         Reflect  .   l - +0 cloak (curse)
rCorr    .         Harm     .   E - +0 pair of gloves {Dex+3}
MR       +....                  (no boots)
Stlth    ..........             (no amulet)
HPRegen  0.31/turn              B - +2 ring of evasion
MPRegen  0.18/turn              (no ring)

@: berserking, slowed
A: high mp 1
a: no special abilities


You were on level 8 of the Dungeon.
You were near starving.

You visited 1 branch of the dungeon, and saw 8 of its levels.

You collected 462 gold pieces.
You spent 100 gold pieces at shops.

Inventory:

Hand Weapons
 I - a +3 spear of venom (weapon)
Missiles
 w - 78 stones (quivered)
Armour
 l - a cursed +0 cloak (worn)
 s - a +0 leather armour (worn)
 E - a +0 pair of gloves of dexterity (worn)
Jewellery
 b - an uncursed ring of fire
 B - a +2 ring of evasion (left hand)
Wands
 c - a wand of paralysis (11)
 v - a wand of clouds (2)
 D - a wand of enslavement (13)
 F - a wand of random effects (16)
Scrolls
 a - 7 scrolls of magic mapping
 e - 2 scrolls of blinking
 h - 2 scrolls of remove curse
 i - 5 scrolls of teleportation
 j - a scroll of noise {unknown}
 k - a scroll of fog {unknown}
 m - a scroll of amnesia {unknown}
 q - a scroll of random uselessness {unknown}
 t - a scroll of fear
 y - 2 scrolls of enchant armour
Potions
 f - a potion of resistance
 g - a potion of flight {unknown}
 p - a potion of might
 z - 3 potions of agility {unknown}
 A - a potion of haste
 C - a potion of mutation {unknown}
 G - a potion of degeneration {unknown}
 H - a potion of lignification {unknown}
Comestibles
 d - 12 rations


   Skills:
 + Level 6.7 Fighting
 - Level 1.7 Dodging
 - Level 1.7 Stealth
 + Level 6.5 Spellcasting
   Level 0.8 Transmutations
 * Level 10.1 Earth Magic


You had 13 spell levels left.
You knew the following spells:

 Your Spells              Type           Power        Failure   Level  Hunger
a - Sandblast             Erth           ######       1%          1    None
b - Stone Arrow           Conj/Erth      ####..       3%          3    None
c - Lee's Rapid Deconstr  Erth           ######....   3%          5    #####..

Your spell library contained the following spells:

 Spells                   Type           Power        Failure   Level  Hunger
 Passwall                 Tmut/Erth      #####...     1%          2    None
 Petrify                  Tmut/Erth      #####...     9%          4    ###....


Dungeon Overview and Level Annotations

Branches:
Dungeon (8/15)             Temple (0/1) D:4
   Lair: D:8-11

Shops:
D:4 =?

Annotations:
D:8 SpeedDemon's ghost, novice TrMo


Innate Abilities, Weirdness & Mutations

You have an increased reservoir of magic. (+10% MP)


Message History

Here: SpeedDemon's ghost (flame, severely damaged)
A +0 whip.
There is something else lying underneath.
The floor, spattered with blood.
Unknown command.
You feel much better.
You feel sick.
SpeedDemon's ghost is engulfed in blazing flames.
SpeedDemon's ghost whispers, "Death is liberation."
SpeedDemon's ghost completely misses you.
You feel better.
SpeedDemon's ghost is engulfed in blazing flames.
SpeedDemon's ghost hits you!!
* * * LOW HITPOINT WARNING * * *
SpeedDemon's ghost is engulfed in blazing flames.
SpeedDemon's ghost barely misses you.
A red film seems to cover your vision as you go berserk!
You feel yourself moving faster!
You feel mighty!
SpeedDemon's ghost is engulfed in blazing flames.
SpeedDemon's ghost hits you!!
You die...

### #........# ##.## #.######.#
##.#.## #.# #.#
##.###.##############.######.#
##.## ##...........<.......##.#
##.## ##.##....######.###.##.#
##...## ##.........#####.# #.##.#
#.....###.####.)..##!$.#####.##.#
.......#...# #.#@##.....##......#
#.....^.##.# #.#W#.#...#.###.####
##...#.###.###.#☼#⌠.#.#.⌠# #.#
##.##.........#'#.#...#.# #.#
########.####°.##.)...####.## ###
#.###....##)''##.##..#
##.###.##........)†....##.#
#####...##.#..........###...#.#
...........'.........+........#


You could see SpeedDemon's ghost.

Vanquished Creatures
  Harold (D:8)
  Pikel (D:8)
  Maurice (D:8)
  A hippogriff (D:7)
  A hungry ghost (D:7)
  3 slaves (D:8)
  An orc warrior (D:8)
  2 sky beasts
  An ogre (D:4)
  A centaur (D:7)
  A crocodile (D:7)
  9 big kobolds
  A gnoll sergeant (D:8)
  A scorpion (D:7)
  3 killer bees (D:8)
  A water moccasin skeleton (D:5)
  8 wights
  2 howler monkeys
  4 crimson imps
  A quasit (D:7)
  A centaur zombie (D:7)
  A jelly (D:8)
  6 orc wizards
  2 orc priests
  4 hounds
  An iguana (D:7)
  9 worker ants
  2 hound zombies
  5 adders
  6 gnolls
  3 oozes
  An adder skeleton (D:5)
  2 worms
  4 dart slugs
  4 leopard geckos
  19 orcs
  6 giant cockroaches
  7 goblins
  4 hobgoblins
  13 jackals
  12 kobolds
  3 quokkas
  A ball python (D:5)
  8 bats
  A frilled lizard (D:3)
  A leopard gecko skeleton (D:4)
  13 rats
183 creatures vanquished.

Vanquished Creatures (others)
  A slave (D:8)
  2 big kobolds (D:8)
3 creatures vanquished.

Grand Total: 186 creatures vanquished

Notes
Turn   | Place    | Note
-------+----------+-------------------------------------------
     0 | D:1      | Johnny the Demigod Earth Elementalist began the quest for
                  | the Orb.
     0 | D:1      | Reached XP level 1. HP: 14/14 MP: 5/5
   110 | D:1      | Reached skill level 3 in Earth Magic
   207 | D:1      | Reached XP level 2. HP: 22/22 MP: 5/7
   593 | D:2      | Reached skill level 1 in Fighting
   660 | D:2      | Found a faded altar of an unknown god.
   695 | D:2      | Reached XP level 3. HP: 15/28 MP: 4/8
  1157 | D:3      | Reached XP level 4. HP: 19/35 MP: 2/10
  1641 | D:3      | Reached skill level 4 in Earth Magic
  1782 | D:3      | Reached XP level 5. HP: 36/41 MP: 4/11
  2339 | D:4      | Found a staircase to the Ecumenical Temple.
  2416 | D:4      | Noticed an ogre
  2445 | D:4      | Killed an ogre
  2445 | D:4      | Reached skill level 5 in Earth Magic
  2445 | D:4      | Reached XP level 6. HP: 34/50 MP: 13/13
  2455 | D:4      | Learned a level 3 spell: Stone Arrow
  2595 | D:4      | Found Tiusoa Veock's Jewellery Shoppe.
  2687 | D:4      | Found a basalt altar of Yredelemnul.
  2831 | D:4      | Found Deutale's Magic Scroll Emporium.
  2834 | D:4      | Bought a scroll of identify for 20 gold pieces
  2834 | D:4      | Bought a scroll of identify for 20 gold pieces
  2834 | D:4      | Bought a scroll of identify for 20 gold pieces
  2834 | D:4      | Bought a scroll of identify for 20 gold pieces
  2834 | D:4      | Bought a scroll of identify for 20 gold pieces
  2846 | D:4      | Found a shattered altar of Ashenzari.
  3219 | D:5      | Entered Level 5 of the Dungeon
  3665 | D:5      | Found a glowing silver altar of Zin.
  3665 | D:5      | Found a glowing golden altar of the Shining One.
  4093 | D:5      | Found a glowing silver altar of Zin.
  4195 | D:5      | Reached XP level 7. HP: 33/57 MP: 15/15
  4425 | D:6      | Reached skill level 6 in Earth Magic
  5130 | D:7      | Noticed a hippogriff
  5395 | D:7      | Found a hazy altar of Hepliaklqana.
  5713 | D:7      | Reached skill level 7 in Earth Magic
  5713 | D:7      | Reached XP level 8. HP: 48/66 MP: 6/18
  6043 | D:7      | Killed a hippogriff
  6109 | D:7      | Learned a level 5 spell: Lee's Rapid Deconstruction
  6150 | D:7      | Reached skill level 5 in Fighting
  6150 | D:7      | Reached skill level 5 in Spellcasting
  6150 | D:7      | Reached skill level 8 in Earth Magic
  6398 | D:8      | Noticed Pikel
  6413 | D:8      | Killed Pikel
  6413 | D:8      | Reached XP level 9. HP: 37/74 MP: 4/21
  6588 | D:8      | Found a runed translucent gate.
  6588 | D:8      | Noticed SpeedDemon's ghost (novice TrMo)
  6589 | D:8      | Found a runed translucent gate.
  6590 | D:8      | Found a runed translucent gate.
  6814 | D:8      | Noticed Harold
  6829 | D:8      | Killed Harold
  6829 | D:8      | Reached skill level 9 in Earth Magic
  7569 | D:8      | Noticed Maurice
  7583 | D:8      | Killed Maurice
  7831 | D:8      | Reached skill level 10 in Earth Magic
  7856 | D:8      | Reached XP level 10. HP: 47/84 MP: 7/23
  7864 | D:8      | HP: 3/84 [SpeedDemon's ghost (28)]
  7869 | D:8      | Mangled by SpeedDemon's ghost

Levels and vault maps discovered:
D:1:      evilmike_arrival_crescent, layout_rooms, minmay_misc_feat_rows
D:2:      layout_rooms, chequers_ecumenical_altar_grove
D:3:      minmay_razor_zed, layout_rooms
D:4:      layout_basic, cheibrodos_ashenzari_chains,
          lemuel_coloured_pillars_altar, minmay_temple_entry_large_hall,
          serial_shops, kennysheep_mini_moat, shop, minmay_manual_moon
D:5:      layout_gridville, gammafunk_temple_overflow_elements, first_ration,
          basic_altar, minmay_misc_feat_cross
D:6:      layout_basic, nicolae_underground_beach
D:7:      layout_basic, basic_altar
D:8:      layout_loops_corners, gammafunk_ghost_nasty_kobolds, uniq_harold,
          uniq_pikel, uniq_maurice

Skill      XL: |  1  2  3  4  5  6  7  8  9 |
---------------+----------------------------+-----
Earth Magic    | 3 4 5 7 8 10 | 10.1
Spellcasting   | 2 3 4 5 6 |  6.5
Fighting       | 1 2 3 4 5 6 |  6.7
Dodging        | |  1.7
Stealth        | |  1.7
Transmutations | |  0.8

Action                   |  1- 3 |  4- 6 |  7- 9 | 10-12 || total
-------------------------+-------+-------+-------+-------++-------
Melee: Dagger            |    52 |   187 |   108 |       ||   347
       Short sword       |     7 |       |       |       ||     7
       Spear             |       |       |     9 |     1 ||    10
 Cast: Sandblast         |    32 |    29 |    99 |       ||   160
       Lee's Rapid Decon |       |       |    20 |     1 ||    21
       Stone Arrow       |       |       |     2 |       ||     2
Evoke: Wand              |       |     7 |     8 |     4 ||    19
  Use: Scroll            |       |    11 |     5 |       ||    16
       Potion            |       |       |       |     5 ||     5
 Stab: Sleeping          |     1 |     3 |     1 |       ||     5
  Eat: Chunk             |       |    11 |     8 |       ||    19
       Ration            |       |       |     2 |       ||     2
Armor: Robe              |    15 |     5 |       |       ||    20
       Leather armour    |       |    31 |    31 |       ||    62
Dodge: Dodged            |    50 |   120 |   141 |     6 ||   317

Table legend:
 A = Non-vault XP
 B = Vault XP
 C = Vault XP percentage of total XP
 D = Non-vault monster count
 E = Vault monster count
 F = Vault count percentage of total count
                 A         B        C        D         E       F
            +---------+---------+-------+---------+---------+-------
      Total |    3750 |    2986 |  44.3 |     155 |      27 |  14.8
            +---------+---------+-------+---------+---------+-------
        D:1 |      36 |       0 |   0.0 |      20 |       0 |   0.0
        D:2 |      71 |       0 |   0.0 |      18 |       0 |   0.0
        D:3 |     100 |      48 |  32.4 |      27 |      12 |  30.8
        D:4 |     325 |      41 |  11.2 |      15 |       2 |  11.8
        D:5 |     306 |       0 |   0.0 |       7 |       0 |   0.0
        D:6 |     316 |       0 |   0.0 |       7 |       0 |   0.0
        D:7 |    1632 |       0 |   0.0 |      34 |       0 |   0.0
        D:8 |     964 |    2897 |  75.0 |      27 |      13 |  32.5
            +---------+---------+-------+---------+---------+-------
